 Dungeon Crawl Stone Soup version 0.28.0 (webtiles) character file.

Game seed: 5918314845943075424

331 mopl the Stinger (level 6, 0/45 HPs)
             Began as a Draconian Venom Mage on Feb 14, 2022.
             Was an Initiate of Yredelemnul.
             Slain by a necrophage (5 damage)
             ... on level 7 of the Dungeon.
             The game lasted 00:05:11 (3023 turns).

mopl the Stinger (Draconian Venom Mage)             Turns: 3023, Time: 00:05:11

Health: 0/45       AC: 11    Str: 10    XL:     6   Next: 26%
Magic:  4/11       EV: 12    Int: 18    God:    Yredelemnul [......]
Gold:   169        SH:  0    Dex: 11    Spells: 5/12 levels left

rFire   + . .      SeeInvis .   a - +0 spear
rCold   + . .      Faith    .   (no shield)
rNeg    . . .      Spirit   .   (armour unavailable)
rPois   +          Reflect  .   (helmet restricted)
rElec   +          Harm     .   l - +0 cloak
rCorr   +          Rampage  .   (no gloves)
Will    .....                   (no boots)
Stlth   ++........              (no amulet)
HPRegen 0.15/turn               f - +4 ring of protection
MPRegen 0.12/turn               (no ring)

@: mighty, lethally poisoned (0 -> -6), resistant
A: AC +6, unfitting armour, cold-blooded
a: Renounce Religion, Recall Undead Harvest


You were on level 7 of the Dungeon.
You worshipped Yredelemnul.
Yredelemnul was noncommittal.
You visited 1 branch of the dungeon, and saw 5 of its levels.

You collected 169 gold pieces.

Inventory:

Hand Weapons
 a - a +0 spear (weapon)
 d - a +0 dagger
Armour
 l - a +0 cloak (worn)
Jewellery
 f - a +4 ring of protection (left hand)
Scrolls
 b - 4 scrolls of identify {unknown}
 c - a scroll of teleportation {unknown}
 e - 2 scrolls of noise {unknown}
 j - a scroll of enchant armour {unknown}
 k - a scroll of blinking {unknown}
 m - a scroll of amnesia {unknown}
 n - a scroll of magic mapping {unknown}
Potions
 g - a potion of might
 i - a potion of curing {unknown}


   Skills:
 - Level 1.7 Dodging
 - Level 1.7 Stealth
 * Level 3.7 Spellcasting
 + Level 2.6 Transmutations
 + Level 2.0 Air Magic
 * Level 4.5 Poison Magic
 + Level 1.8 Invocations


You had 5 spell levels left.
You knew the following spells:

 Your Spells              Type           Power      Damage    Failure   Level
a - Sting                 Tmut/Pois      64%        1d6       3%          1
b - Poisonous Vapours     Pois/Air       30%        N/A       6%          2
o - Olgreb's Toxic Radia  Pois           19%        N/A       22%         4

Your spell library contained the following spells:

 Spells                   Type           Power      Damage    Failure   Level
 Mephitic Cloud           Conj/Pois/Air  11%        N/A       19%         3


Dungeon Overview and Level Annotations

Branches:
Dungeon (4/15)
 Temple: D:4-7

Altars:
Yredelemnul

Shops:
D:2 =   D:7 (


Innate Abilities, Weirdness & Mutations

Your plain brown scales are hard. (AC +6)
You cannot fit into any form of body armour.
You are cold-blooded and may be slowed by cold attacks.


Message History

You hit the kobold brigand.
The kobold brigand is almost dead.
You feel very sick. The kobold brigand barely misses you.
The necrophage hits you.
Your orc zombie hits the kobold brigand but does no damage.
Unknown command.
You hit the kobold brigand but do no damage.
The kobold brigand is almost dead.
You feel very sick. The kobold brigand closely misses you.
The necrophage closely misses you.
Your orc zombie misses the kobold brigand.
Unknown command.
You hit the kobold brigand but do no damage.
The kobold brigand is almost dead.
You feel sick.
The kobold brigand hits you but does no damage.
You are more poisoned.
The necrophage hits you.
You feel drained.
Your orc zombie hits the kobold brigand but does no damage.
You strike the helpless kobold brigand from behind!
You hit the kobold brigand.
You kill the kobold brigand!
* * * LOW HITPOINT WARNING * * *
You feel very sick.
The necrophage hits you but does no damage.
Your orc zombie hits the necrophage.
Your life force feels restored.
Your Air Magic skill increases to level 2!
You have reached level 6!
Your scales feel tougher.
It was a potion of might.
You feel very mighty all of a sudden.
* * * LOW HITPOINT WARNING * * *
You feel sick. The necrophage barely misses you.
It was a potion of resistance.
You feel protected.
* * * LOW HITPOINT WARNING * * *
You feel sick. The necrophage hits you.
You die...
Your body rises from the dead as a mindless zombie.

#######..#####
#......[.....##
#.####.∩.......
.#####.####.##
#..........# #
........##.# #
..########.#.#
#.#.#
#######@#.#
.......n).#
###.....Z.#
#.###...# #
#...# .......
##)....#..
)#....# .
#..#..


You could see a necrophage (ally target) and a friendly orc zombie.

Vanquished Creatures
  A necrophage (D:2)
  A kobold brigand (D:7)
  A hound (D:3)
  An orc priest (D:4)
  An orc wizard (D:7)
  3 adders
  A worm (D:2)
  6 orcs
  5 endoplasms
  4 giant cockroaches
  4 goblins
  3 hobgoblins
  3 quokkas
  6 ball pythons
  7 bats
  5 kobolds
  4 rats
56 creatures vanquished.

Vanquished Creatures (collateral kills)
  A bat (D:2)
  2 endoplasms
3 creatures vanquished.

Vanquished Creatures (others)
  4 orc zombies (D:4)
  A goblin zombie (D:3)
  A hobgoblin zombie (D:3)
  A quokka zombie (D:4)
7 creatures vanquished.

Grand Total: 66 creatures vanquished

Notes
Turn   | Place    | Note
-------+----------+-------------------------------------------
     0 | D:1      | mopl the Draconian Venom Mage began the quest for the Orb.
     0 | D:1      | Reached XP level 1. HP: 14/14 MP: 3/3
   257 | D:1      | Reached XP level 2. HP: 20/20 MP: 0/5
   260 | D:1      | Learned a level 2 spell: Poisonous Vapours
   682 | D:2      | Found a faded altar of an unknown god.
   698 | D:2      | Prayed at the altar of an unknown god.
   698 | D:2      | Became a worshipper of Yredelemnul the Dark
   698 | D:2      | Reached * piety under Yredelemnul
   952 | D:2      | Reached XP level 3. HP: 26/26 MP: 6/6
  1191 | D:2      | Found Bimon's Jewellery Emporium.
  1476 | D:3      | Reached skill level 1 in Air Magic
  1476 | D:3      | Reached XP level 4. HP: 27/33 MP: 6/8
  1534 | D:3      | Learned a level 4 spell: Olgreb's Toxic Radiance
  1587 | D:3      | Noticed a necrophage
  1624 | D:2      | Killed a necrophage
  1625 | D:2      | Reached skill level 3 in Spellcasting
  1625 | D:2      | Reached skill level 2 in Transmutations
  1625 | D:2      | Reached skill level 4 in Poison Magic
  1625 | D:2      | Reached skill level 1 in Invocations
  1625 | D:2      | Reached XP level 5. HP: 20/38 MP: 4/9
  2735 | D:4      | Noticed an ogre
  2773 | D:4      | You fall into a shaft and drop 3 floors!
  2986 | D:7      | Found Moarim's Antique Weapon Emporium.
  3004 | D:7      | Noticed a necrophage
  3022 | D:7      | Reached skill level 2 in Air Magic
  3022 | D:7      | Reached XP level 6. HP: 8/45 MP: 4/11
  3023 | D:7      | Slain by a necrophage

Illustrated notes

Levels and vault maps discovered:
D:1:      dpeg_arrival_shelter, layout_loops_cross
D:2:      layout_loops_ring, hellmonk_ecumenical_altar_inner_sanctum,
          serial_shops, nicolae_shop_advertising_works
          [nicolae_subvault_shop_adworks]
D:3:      layout_loops_corners
D:4:      layout_rooms, temple_green, serial_glass, glass_columns_a,
          glass_columns_c, glass_columns_c, glass_columns_a
D:7:      layout_loops_ring, serial_shops, shop, nicolae_diamond_shop,
          minmay_misc_feat_chi, uniq_duvessa, uniq_pikel

Skill      XL: |  1  2  3  4  5 |
---------------+----------------+-----
Air Magic      | 1 2 |  2.0
Spellcasting   | 3 |  3.7
Transmutations | 2 |  2.6
Poison Magic   | 4 |  4.5
Invocations    | 1 |  1.8
Dodging        | |  1.7
Stealth        | |  1.7

Action                   |  1- 3 |  4- 6 || total
-------------------------+-------+-------++-------
Melee: Unarmed           |    12 |       ||    12
       Dagger            |    19 |       ||    19
       Spear             |    55 |   113 ||   168
       Tailslap          |     4 |    15 ||    19
       Punch             |       |     1 ||     1
 Cast: Sting             |    21 |     3 ||    24
       Poisonous Vapours |     2 |    18 ||    20
Invok: Recall Undead Har |       |     2 ||     2
  Use: Potion            |       |     2 ||     2
 Stab: Sleeping          |     1 |     2 ||     3
       Distracted        |       |     1 ||     1
Armor: Skin              |    29 |    45 ||    74
Dodge: Dodged            |    57 |    70 ||   127
